3AAA
ELLENBURG FIGHTING DACHSUNDS @ TREMONT DOUBLEDAYS
07/04/2029
 
TOP OF THE 1ST
Ellenburg Fighting Dachsunds batting - Pitching for Tremont Doubledays : LHP Alejandro Ramos
Pitching: LHP Alejandro Ramos
Batting: SHB Eugene Clutch 0-0: Ball
1-0: Foul Ball, location: 2F
1-1: Swinging Strike
1-2: Strikes out looking
Batting: RHB José Vázquez 0-0: Foul Ball, location: 2F
0-1: Ball
1-1: Foul Ball, location: 2F
1-2: Foul Ball, location: 2F
1-2: Ball
2-2: SINGLE (Line Drive, 34)
Batting: RHB Steve Koch 0-0: Swinging Strike
0-1: Foul Ball, location: 2F
0-2: Foul Ball, location: 2F
0-2: Ball
1-2: Foul Ball, location: 2F
1-2: SINGLE (Line Drive, 7LS)
José Vázquez to second
Batting: RHB Preston Hernández 0-0: Called Strike
0-1: Called Strike
0-2: Strikes out swinging
Batting: RHB Alan McLennan 0-0: SINGLE (Groundball, 4MD)
José Vázquez to third
Steve Koch to second
Runner from 3rd tries for Home, SAFE, no throw
Batting: LHB Vicente Castaneda 0-0: Ball
1-0: Called Strike
1-1: Foul Ball, location: 2F
1-2: Ball
2-2: Strikes out looking
Top of the 1st over - 1 run, 3 hits, 0 errors, 2 left on base; Ellenburg 1 - Tremont 0
BOTTOM OF THE 1ST
Tremont Doubledays batting - Pitching for Ellenburg Fighting Dachsunds : LHP Jack King
Pitching: LHP Jack King
Batting: RHB Jesús Quintana 0-0: Called Strike
0-1: Ball
1-1: Ground out 6-3 (Groundball, 6)
Batting: SHB Alfredo Sánchez 0-0: Foul Ball, location: 2F
0-1: Ground out 6-3 (Groundball, 6)
Batting: RHB Alfredo Suárez 0-0: Called Strike
0-1: Ball
1-1: Ball
2-1: Foul Ball, location: 2F
2-2: DOUBLE (Flyball, 8RXD)
Batting: RHB Sang Hong-Do 0-0: Called Strike
0-1: Ball
1-1: Ball
2-1: DOUBLE (Line Drive, 78D)
Alfredo Suárez scores
Batting: RHB Andrés Gonzáles 0-0: Called Strike
0-1: Ball
1-1: Foul Ball, location: 2F
1-2: Ball
2-2: Foul Ball, location: 2F
2-2: Ball
3-2: Ground out 6-3 (Groundball, 6)
Bottom of the 1st over - 1 run, 2 hits, 0 errors, 1 left on base; Ellenburg 1 - Tremont 1
TOP OF THE 2ND
Ellenburg Fighting Dachsunds batting - Pitching for Tremont Doubledays : LHP Alejandro Ramos
Batting: RHB Gonzalo Sánchez 0-0: Ball
1-0: Called Strike
1-1: Ball
2-1: SINGLE (Line Drive, 4)
Batting: RHB Meka Knight 0-0: Ball
1-0: Ball
2-0: Foul Ball, location: 2F
2-1: Ball
3-1: Foul Ball, location: 2F
3-2: Base on Balls
Gonzalo Sánchez to second
Batting: RHB Ron Johnston 0-0: Ball
1-0: Ball
2-0: Ball
3-0: Base on Balls
Gonzalo Sánchez to third
Meka Knight to second
Batting: SHB Eugene Clutch 0-0: Ball
1-0: Called Strike
1-1: Foul Ball, location: 2F
1-2: Ball
2-2: Ball
3-2: Foul Ball, location: 2F
3-2: Foul Ball, location: 2F
3-2: Strikes out swinging
Batting: RHB José Vázquez 0-0: Called Strike
0-1: Foul Ball, location: 2F
0-2: Ball
1-2: Ball
2-2: SINGLE (Line Drive, 89S)
Gonzalo Sánchez scores
Meka Knight to third
Ron Johnston to second
Runner from 3rd tries for Home, SAFE, no throw
Batting: RHB Steve Koch 0-0: Called Strike
0-1: Ball
1-1: Foul Ball, location: 2F
1-2: Foul Ball, location: 2F
1-2: Foul Ball, location: 2F
1-2: Ground out 5-3 (Groundball, 56S)
Ron Johnston to third
José Vázquez to second
Batting: RHB Preston Hernández 0-0: Ball
1-0: Swinging Strike
1-1: Fly out, F9 (Flyball, 9S)
Top of the 2nd over - 2 runs, 2 hits, 0 errors, 2 left on base; Ellenburg 3 - Tremont 1
BOTTOM OF THE 2ND
Tremont Doubledays batting - Pitching for Ellenburg Fighting Dachsunds : LHP Jack King
Batting: RHB Fred Burt 0-0: Called Strike
0-1: Ball
1-1: Ball
2-1: Ball
3-1: Swinging Strike
3-2: Fly out, F9 (Flyball, 9LM)
Batting: RHB David Pérez 0-0: Ground out U3 (Groundball, 34S)
Batting: RHB Sheldon Deshotels 0-0: Ball
1-0: Fly out, F9 (Flyball, 9LM)
Bottom of the 2nd over - 0 runs, 0 hits, 0 errors, 0 left on base; Ellenburg 3 - Tremont 1
TOP OF THE 3RD
Ellenburg Fighting Dachsunds batting - Pitching for Tremont Doubledays : LHP Alejandro Ramos
Batting: RHB Alan McLennan 0-0: Ball
1-0: Foul Ball, location: 2F
1-1: Foul Ball, location: 2F
1-2: SINGLE (Groundball, 56) (infield hit)
Batting: LHB Vicente Castaneda 0-0: Ball
1-0: Called Strike
1-1: Ball
Alan McLennan is caught stealing 2nd base
2-1: Fly out, F7 (Flyball, 7)
Batting: RHB Gonzalo Sánchez 0-0: Ground out 4-3 (Groundball, 4)
Top of the 3rd over - 0 runs, 1 hit, 0 errors, 0 left on base; Ellenburg 3 - Tremont 1
BOTTOM OF THE 3RD
Tremont Doubledays batting - Pitching for Ellenburg Fighting Dachsunds : LHP Jack King
Batting: RHB José Magana 0-0: Ball
1-0: Foul Ball, location: 2F
1-1: Ball
2-1: Ball
3-1: Fly out, F8 (Flyball, 8LD)
Batting: RHB Jesús Quintana 0-0: Ball
1-0: Ball
2-0: Ground out 6-3 (Groundball, 6)
Batting: SHB Alfredo Sánchez 0-0: Fly out, F8 (Flyball, 8RS)
Bottom of the 3rd over - 0 runs, 0 hits, 0 errors, 0 left on base; Ellenburg 3 - Tremont 1
TOP OF THE 4TH
Ellenburg Fighting Dachsunds batting - Pitching for Tremont Doubledays : LHP Alejandro Ramos
Batting: RHB Meka Knight 0-0: Swinging Strike
0-1: Ball
1-1: Ball
2-1: Swinging Strike
2-2: Strikes out swinging
Batting: RHB Ron Johnston 0-0: Foul Ball, location: 2F
0-1: Foul Ball, location: 2F
0-2: Ball
1-2: Strikes out swinging
Batting: SHB Eugene Clutch 0-0: Foul Ball, location: 2F
0-1: Ball
1-1: Called Strike
1-2: Ball
2-2: Foul Ball, location: 2F
2-2: Strikes out swinging, 2-3 out at first.
Top of the 4th over - 0 runs, 0 hits, 0 errors, 0 left on base; Ellenburg 3 - Tremont 1
BOTTOM OF THE 4TH
Tremont Doubledays batting - Pitching for Ellenburg Fighting Dachsunds : LHP Jack King
Batting: RHB Alfredo Suárez 0-0: Swinging Strike
0-1: Ball
1-1: Swinging Strike
1-2: Foul Ball, location: 2F
1-2: Ground out 5-3 (Groundball, 56S)
Batting: RHB Sang Hong-Do 0-0: Ball
1-0: Fly out, F8 (Line Drive, 78D)
Batting: RHB Andrés Gonzáles 0-0: Ball
1-0: Swinging Strike
1-1: Ball
2-1: Fly out, F7 (Flyball, 78M)
Bottom of the 4th over - 0 runs, 0 hits, 0 errors, 0 left on base; Ellenburg 3 - Tremont 1
TOP OF THE 5TH
Ellenburg Fighting Dachsunds batting - Pitching for Tremont Doubledays : LHP Alejandro Ramos
Batting: RHB José Vázquez 0-0: Called Strike
0-1: Swinging Strike
0-2: Strikes out swinging
Batting: RHB Steve Koch 0-0: Foul Ball, location: 2F
0-1: Ground out 6-3 (Groundball, 6)
Batting: RHB Preston Hernández 0-0: Ball
1-0: Ball
2-0: Called Strike
2-1: Swinging Strike
2-2: Ball
3-2: Foul Ball, location: 2F
3-2: SOLO HOME RUN (Flyball, 7D), Distance : 388 ft
Batting: RHB Alan McLennan 0-0: Ball
1-0: Ball
2-0: Called Strike
2-1: Fly out, F6 (Line Drive, 6)
Top of the 5th over - 1 run, 1 hit, 0 errors, 0 left on base; Ellenburg 4 - Tremont 1
BOTTOM OF THE 5TH
Tremont Doubledays batting - Pitching for Ellenburg Fighting Dachsunds : LHP Jack King
Batting: RHB Fred Burt 0-0: Ball
1-0: Foul Ball, location: 2F
1-1: Ground out 6-3 (Groundball, 6)
Batting: RHB David Pérez 0-0: Called Strike
0-1: Fly out, F8 (Flyball, 8LD)
Batting: RHB Sheldon Deshotels 0-0: Foul Ball, location: 2F
0-1: Foul Ball, location: 2F
0-2: Ball
1-2: Fly out, F3 (Line Drive, 3F)
Bottom of the 5th over - 0 runs, 0 hits, 0 errors, 0 left on base; Ellenburg 4 - Tremont 1
TOP OF THE 6TH
Ellenburg Fighting Dachsunds batting - Pitching for Tremont Doubledays : LHP Alejandro Ramos
Batting: LHB Vicente Castaneda 0-0: Ball
1-0: Ball
2-0: Ball
3-0: Base on Balls
Batting: RHB Gonzalo Sánchez 0-0: Fly out, F6 (Popup, 6D)
Batting: RHB Meka Knight 0-0: Ball
1-0: Ground out U3 (Groundball, 34S)
Vicente Castaneda to second
Batting: RHB Ron Johnston 0-0: Swinging Strike
0-1: Called Strike
0-2: Foul Ball, location: 2F
0-2: Ball
1-2: Strikes out swinging
Top of the 6th over - 0 runs, 0 hits, 0 errors, 1 left on base; Ellenburg 4 - Tremont 1
BOTTOM OF THE 6TH
Tremont Doubledays batting - Pitching for Ellenburg Fighting Dachsunds : LHP Jack King
Batting: RHB José Magana 0-0: Ground out 3-1 (Groundball, 34S)
Batting: RHB Jesús Quintana 0-0: Ball
1-0: Swinging Strike
1-1: Swinging Strike
1-2: Foul Ball, location: 2F
1-2: Ground out 5-3 (Groundball, 5)
Batting: SHB Alfredo Sánchez 0-0: SINGLE (Line Drive, 34)
Batting: RHB Alfredo Suárez 0-0: Ball
1-0: Fly out, F3 (Popup, 3S)
Bottom of the 6th over - 0 runs, 1 hit, 0 errors, 1 left on base; Ellenburg 4 - Tremont 1
TOP OF THE 7TH
Ellenburg Fighting Dachsunds batting - Pitching for Tremont Doubledays : LHP Alejandro Ramos
Batting: SHB Eugene Clutch 0-0: Called Strike
0-1: Foul Ball, location: 2F
0-2: Ball
1-2: Strikes out looking
Batting: RHB José Vázquez 0-0: Ball
1-0: Called Strike
1-1: Foul Ball, location: 2F
1-2: Foul Ball, location: 2F
1-2: Ball
2-2: Ground out 5-3 (Groundball, 56)
Batting: RHB Steve Koch 0-0: Swinging Strike
0-1: Called Strike
0-2: Foul Ball, location: 2F
0-2: Ball
1-2: DOUBLE (Flyball, 89D)
Pitching: LHP Denis Melis
Batting: RHB Preston Hernández 0-0: Ball
1-0: Called Strike
1-1: Ball
2-1: Ball
3-1: SINGLE (Flyball, 78S)
Steve Koch to third
Runner from 3rd tries for Home, SAFE, throw made home
Batting: RHB Alan McLennan 0-0: Called Strike
0-1: Ball
1-1: Foul Ball, location: 2F
1-2: Strikes out swinging
Top of the 7th over - 1 run, 2 hits, 0 errors, 1 left on base; Ellenburg 5 - Tremont 1
BOTTOM OF THE 7TH
Tremont Doubledays batting - Pitching for Ellenburg Fighting Dachsunds : LHP Jack King
Batting: RHB Sang Hong-Do 0-0: Ball
1-0: Fly out, F8 (Flyball, 8RS)
Batting: RHB Andrés Gonzáles 0-0: Called Strike
0-1: Ball
1-1: Ball
2-1: Ground out 1-3 (Groundball, P)
Batting: RHB Fred Burt 0-0: Ball
1-0: Called Strike
1-1: Fly out, F8 (Flyball, 8RS)
Bottom of the 7th over - 0 runs, 0 hits, 0 errors, 0 left on base; Ellenburg 5 - Tremont 1
TOP OF THE 8TH
Ellenburg Fighting Dachsunds batting - Pitching for Tremont Doubledays : LHP Denis Melis
Batting: LHB Vicente Castaneda 0-0: Hit by Pitch
Batting: RHB Gonzalo Sánchez 0-0: Ball
1-0: Swinging Strike
1-1: Swinging Strike
1-2: Strikes out swinging
Batting: RHB Meka Knight 0-0: Ball
1-0: Ball
2-0: Reached on error, E5 (Groundball, 5)
Vicente Castaneda to second
Batting: RHB Ron Johnston 0-0: Ball
1-0: SINGLE (Groundball, 56S) (infield hit)
Vicente Castaneda to third
Meka Knight to second
Batting: SHB Eugene Clutch 0-0: Called Strike
0-1: Foul Ball, location: 2F
0-2: Strikes out swinging
Batting: RHB José Vázquez 0-0: Called Strike
0-1: Ball
1-1: Swinging Strike
1-2: Strikes out swinging
Top of the 8th over - 0 runs, 1 hit, 1 error, 3 left on base; Ellenburg 5 - Tremont 1
BOTTOM OF THE 8TH
Tremont Doubledays batting - Pitching for Ellenburg Fighting Dachsunds : LHP Jack King
Batting: RHB David Pérez 0-0: Ball
1-0: Foul Ball, location: 2F
1-1: Foul Ball, location: 2F
1-2: Ball
2-2: Strikes out swinging
Batting: RHB Sheldon Deshotels 0-0: Hit by Pitch
Batting: RHB José Magana 0-0: Ground out 5-3 (Groundball, 56S)
Sheldon Deshotels to second
Batting: RHB Jesús Quintana 0-0: Ball
1-0: Ball
2-0: SINGLE (Groundball, 6MD)
Sheldon Deshotels to third
Runner from 3rd tries for Home, SAFE, no throw
Batting: SHB Alfredo Sánchez 0-0: Ball
1-0: Ball
2-0: Ball
3-0: Called Strike
3-1: Base on Balls
Jesús Quintana to second
Batting: RHB Alfredo Suárez 0-0: SINGLE (Groundball, 6D)
Jesús Quintana to third
Alfredo Sánchez to second
Runner from 3rd tries for Home, SAFE, no throw
Batting: RHB Sang Hong-Do 0-0: Ball
1-0: Ball
2-0: SINGLE (Line Drive, 8LS)
Alfredo Sánchez to third
Alfredo Suárez to second
Runner from 3rd tries for Home, SAFE, no throw
Batting: RHB Andrés Gonzáles 0-0: SINGLE (Line Drive, 9LS)
Alfredo Suárez to third
Sang Hong-Do to second
Runner from 3rd tries for Home, SAFE, no throw
Batting: RHB Fred Burt 0-0: Ball
Wild Pitch!
Sang Hong-Do to third
Andrés Gonzáles to second
1-0: Ball
2-0: Ball
3-0: Called Strike
3-1: SINGLE (Groundball, 6MD)
Sang Hong-Do scores
Andrés Gonzáles to third
Runner from 3rd tries for Home, SAFE, no throw
Pitching: LHP Vincent Bannon
Batting: RHB David Pérez 0-0: Fielders Choice at 2nd, 5-4 (Groundball, 56)
Bottom of the 8th over - 6 runs, 5 hits, 0 errors, 1 left on base; Ellenburg 5 - Tremont 7
TOP OF THE 9TH
Ellenburg Fighting Dachsunds batting - Pitching for Tremont Doubledays : LHP Denis Melis
Pitching: LHP Powell Beauregard
Batting: RHB Steve Koch 0-0: Ball
1-0: Ball
2-0: Called Strike
2-1: Foul Ball, location: 2F
2-2: Ball
3-2: Foul Ball, location: 2F
3-2: Strikes out looking
Batting: RHB Preston Hernández 0-0: Ball
1-0: Ball
2-0: Ball
3-0: Called Strike
3-1: Called Strike
3-2: Strikes out swinging
Batting: RHB Alan McLennan 0-0: Called Strike
0-1: Called Strike
0-2: SINGLE (Line Drive, 9LS)
Pinch Hitting: RHB Jack Burton 0-0: Ball
1-0: Ball
2-0: Swinging Strike
2-1: Fly out, F7 (Flyball, 7)
Top of the 9th over - 0 runs, 1 hit, 0 errors, 1 left on base; Ellenburg 5 - Tremont 7
Tuesday, December 19th, 2017 - OOTP Baseball 18.8 Build 76